Map: Prion Terraces

Players

RLeItFaE - Winner!

  • Race: Zerg Zerg
  • League: Platinum

PerseVerAnce

  • Race: Terran Terran
  • League: Platinum

VOD

Have the link to the VOD?

Description

Time

  • Played on: Feb. 9, 2016, 2:42 p.m.
  • Length: 4:18
Show
View Real Time Build Order
Export as new Build Order

RLeItFaE Zerg - Winner!

Build Orders: Hatch First 

Get SALT Encoding   

  12  0:01  Drone  
  13  0:10  Drone  
  14  0:14  Extractor  
  14  0:16  Extractor  
  12  0:22  Drone x2  
  12  0:28  Overlord  
  16  0:48  Drone x2  
  18  0:57  Hatchery  
  18  1:02  Drone  
  18  1:05  Extractor  
  18  1:08  Drone  
  18  1:19  Spawning Pool  
  18  1:23  Drone  
  18  1:29  Drone  
  19  1:44  Overlord  
  19  2:05  Queen  
  19  2:06  Zergling x4  
  19  2:07  Metabolic Boost  
  23  2:17  Drone  
  23  2:19  Queen  
  26  2:28  Zergling x2  
  27  2:34  Spore Crawler  
  27  2:35  Spore Crawler  
  26  2:44  Drone  
  26  2:45  Drone  
  26  2:48  Baneling Nest  
  26  2:49  Drone x2  
  26  2:50  Zergling x2  
  30  2:53  Zergling x2  
  30  2:55  Zergling x2  
  32  3:04  Zergling x2  
  33  3:07  Zergling x2  
  34  3:14  Zergling x4  
  34  3:15  Overlord  
  35  3:31  Baneling x3  
  35  3:33  Zergling x4  
  35  3:34  Zergling x8  
  41  3:39  Zergling x2  
  42  3:45  Zergling x2  
  42  3:47  Zergling x2  
  43  3:48  Overlord  
  43  3:51  Zergling x2  
  43  3:55  Zergling x2  
Show
View Real Time Build Order
Export as new Build Order

PerseVerAnce Terran 

Build Orders: Reaper Expand 

Get SALT Encoding   

  12  0:00  SCV  
  13  0:13  SCV  
  14  0:18  Supply Depot  
  14  0:25  SCV  
  15  0:39  SCV  
  15  0:42  Barracks  
  16  0:45  Refinery  
  16  0:51  SCV  
  17  1:04  SCV  
  18  1:16  SCV  
  19  1:30  Reaper  
  19  1:32  Orbital Command  
  20  1:42  Command Center  
  20  1:58  SCV  
  20  1:59  Supply Depot  
  21  2:02  Barracks Reactor  
  21  2:10  Barracks  
  21  2:11  Refinery  
  21  2:13  SCV  
  22  2:25  SCV  
  22  2:28  Barracks  
  23  2:42  SCV  
  23  2:52  Factory  
  23  2:53  Marine x2  
  23  2:54  Bunker  
  26  2:59  Orbital Command  
  25  3:08  SCV  
  26  3:14  Marine  
  27  3:20  SCV  
  27  3:23  Barracks Tech Lab  
  27  3:24  Barracks Reactor  
  26  3:30  Marine  
  26  3:32  Marine  
  27  3:46  Marine  
  27  3:47  Marine  
  24  3:51  Marine  
Tags
 
Add a new tag
Caveats
  • Supply blocks, unpowered buildings, or Contaminate may cause inaccurate times.
  • Supply counts are checked every 10 seconds.